AoeStats
← J40 | Berto

Arabia

510150156Analyzed
1v1 RM · 2d ago on Sep 29, 2026· 34m 4s· 2 players
Game mode
Random Map
Map size
Tiny (2 player)
Population
200
Speed
Normal
Resources
Standard
Victory
Conquest
Starting age
Dark Age
Ending age
Imperial Age
RankedLock teamsTeams togetherTeam positionsShared explorationLock speedFull tech treeHidden civsTurbo modeCheats
Victory
Defeat
🇨🇱 Chinese · Chile
1608
+12
🇸🇪 Inca · Sweden
1524
-12
KEBACEE
6:17 Loom
8:48 Feudal Age
9:21 Champi Runner
14:56 Fletching
21:32 Castle Age
19:36 Double-Bit Axe
19:31 Horse Collar
20:05 Horse Collar
20:45 Scale Mail Armor
20:55 Forging
22:15 Bodkin Arrow
21:47 Crossbowman
22:27 Champi Warrior
23:44 Pikeman
24:59 Bow Saw
25:36 Wheelbarrow
26:18 Squires
29:30 Chain Mail Armor
30:19 Hand Cart
30:02 Gold Mining
30:03 Stone Mining
J40 | Berto
0:26 Loom
8:44 Feudal Age
10:23 Double-Bit Axe
10:19 Horse Collar
16:30 Wheelbarrow
19:49 Castle Age
18:04 Gold Mining
19:47 Bloodlines
19:44 Town Watch
21:03 Bow Saw
21:19 Scale Barding Armor
21:51 Gold Shaft Mining
21:31 Heavy Plow
22:44 Gold Shaft Mining
22:33 Forging
25:06 Chain Barding Armor
30:57 Husbandry
33:58 Imperial Age
33:53 Fletching
34:10 Husbandry
Connection lost

Rejoining the realm…

Still unreachable

The connection could not be restored.

Session expired

The server has moved on; the page needs a fresh start.